 Dungeon Crawl Stone Soup version 0.18.1-48-g4cf74bf (webtiles) character file.

147 Banto the Skirmisher (level 4, -7/41 HPs)
             Began as a Demigod Wanderer on Aug 29, 2016.
             Mangled by a gnoll
             ... wielding a +0 halberd
              (9 damage)
             ... on level 1 of the Dungeon on Aug 30, 2016.
             The game lasted 00:03:11 (1973 turns).

Banto the Skirmisher (Demigod Wanderer)             Turns: 1973, Time: 00:03:11

Health: -7/41      AC:  8    Str: 13    XL:     4   Next: 80%
Magic:  8/8        EV:  8    Int: 17    God:
Gold:   133        SH:  0    Dex: 18    Spells: 0 memorised, 5 levels left

rFire  . . .     SeeInvis .     l - +2 short sword (drain)
rCold  . . .     Gourm    .     a - +2 scale mail
rNeg   . . .     Faith    .     (no shield)
rPois  .         Spirit   .     (no helmet)
rElec  .         Dismiss  .     (no cloak)
rCorr  .         Reflect  .     (no gloves)
SustAt +         Harm     .     (no boots)
MR     .....                    (no amulet)
Stlth  +.........               (no ring)
                                (no ring)

@: not resistant to hostile enchantments, very unstealthy
A: high mp 1, sustain attributes
a: no special abilities


You were on level 1 of the Dungeon.
You were not hungry.

You visited 1 branch of the dungeon, and saw 2 of its levels.

You collected 133 gold pieces.

Inventory:

Hand Weapons
 b - a +0 shortbow
 g - a +0 dagger
 l - a +2 short sword of draining (weapon)
Missiles
 c - 20 arrows
Armour
 a - a +2 scale mail (worn)
Wands
 r - a wand of disintegration (21/24)
Scrolls
 d - 2 scrolls of teleportation
 e - a scroll of remove curse
Potions
 i - a potion of magic {unknown}
 k - a potion of cancellation {unknown}
 m - 2 potions of flight {unknown}
 q - a potion of lignification {unknown}
Comestibles
 f - 4 bread rations
 h - a chunk of flesh
 j - a meat ration
 o - a beef jerky


   Skills:
 + Level 4.3 Fighting
 + Level 3.3 Armour
 - Level 1.0 Stealth
 - Level 1.0 Spellcasting
   Level 1.7 Hexes
 - Level 1.0 Evocations


You had 5 spell levels left.
You didn't know any spells.

Dungeon Overview and Level Annotations

Branches:
Dungeon (2/15)


Innate Abilities, Weirdness & Mutations

You have an increased reservoir of magic (+10% MP).
Your attributes are resistant to harm.


Message History

You barely miss the gnoll. The gnoll hits you with a halberd!
You hit the gnoll.
The gnoll is moderately wounded.
The gnoll completely misses you. The gnoll barely misses you.
The gnoll hits you with a club.
You climb upwards.
There is a stone staircase leading down, spattered with blood here.
You completely miss the gnoll. The gnoll hits you with a halberd!
* * * LOW HITPOINT WARNING * * *
You hit the gnoll but do no damage. You drain the gnoll!
The gnoll is moderately wounded.
The gnoll hits you with a halberd.
* * * LOW HITPOINT WARNING * * *
You hit the gnoll.
The gnoll is moderately wounded.
The gnoll closely misses you.
You hit the gnoll.
The gnoll is heavily wounded.
The gnoll hits you with a halberd!
You die...

####### #.....#
################## #.###.#
[.............gg@# #.# #.#
########.######### #.# #.#
#### #...#...#######.# #.#
...# ##..............# #.#
...######...##.######### #.#
...##...#...##.#### #.#
...##...#...##....# #.#
...##...#...##....########.#
............†.(......#.....#


You could see 2 gnolls.

Vanquished Creatures
  Ijyb (D:2)
  5 adders (D:2)
  2 gnolls (D:1)
  2 worms (D:2)
  A dart slug (D:1)
  2 giant geckos
  3 bats (D:1)
  4 giant cockroaches
  2 goblins (D:1)
  8 hobgoblins
  2 jackals (D:1)
  A giant newt (D:2)
  10 kobolds
  7 rats
50 creatures vanquished.

Notes
Turn   | Place    | Note
--------------------------------------------------------------
     0 | D:1      | Banto the Demigod Wanderer began the quest for the Orb.
     0 | D:1      | Banto set off with: a +2 scale mail, a +0 shortbow, 23 arrows, a scroll of teleportation, a bread ration
     0 | D:1      | Reached XP level 1. HP: 18/18 MP: 4/4
   135 | D:1      | Reached skill level 3 in Fighting
   229 | D:1      | Reached XP level 2. HP: 24/26 MP: 5/5
   835 | D:2      | Reached XP level 3. HP: 27/31 MP: 7/7
  1345 | D:2      | Reached skill level 4 in Fighting
  1345 | D:2      | Reached XP level 4. HP: 27/40 MP: 8/8
  1348 | D:2      | Noticed Ijyb
  1367 | D:2      | Killed Ijyb
  1971 | D:1      | HP: 1/41 [gnoll/halberd (6)]
  1973 | D:1      | Mangled by a gnoll

Skill      XL: |  1  2  3  4 |
---------------+-------------+-----
Fighting       | 3 4 |  4.3
Armour         | 2 3 |  3.3
Stealth        | |  1.0
Spellcasting   | |  1.0
Hexes          | |  1.7
Evocations     | |  1.0

Action                   |  1- 3 |  4- 6 || total
-------------------------+-------+-------++-------
Melee: Dagger            |    41 |       ||    41
       Short sword       |    93 |    50 ||   143
 Fire: Shortbow          |    15 |       ||    15
  Use: Scroll            |     6 |       ||     6
  Eat: Chunk             |     2 |     2 ||     4
Armor: Scale mail        |    77 |    20 ||    97
Dodge: Dodged            |    70 |    28 ||    98
